 Dungeon Crawl Stone Soup version 0.31-a0-692-gf03d1854d5 (webtiles) character file.

Game seed: 3268181674456444384

79 qw the Shooter (level 4, -1/28 HPs)
             Began as a Gargoyle Hunter on Sept 6, 2023.
             Slain by a gnoll
             ... wielding a +0 spear
              (5 damage)
             ... on level 2 of the Dungeon.
             The game lasted 00:00:29 (1107 turns).

qw the Shooter (Gargoyle Hunter)                    Turns: 1107, Time: 00:00:29

Health: -1/28      AC:  8    Str: 11 (14) XL:     4   Next: 37%
Magic:  4/4        EV: 10    Int:  7 (10) God:
Gold:   114        SH:  0    Dex: 13 (15) Spells: 3/3 levels left

rFire   . . .        Y - +0 shortbow
rCold   . . .        (shield currently unavailable)
rNeg    + . .        f - +0 ring mail
rPois   inf          (no helmet)
rElec   +            (no cloak)
rCorr   .            (no gloves)
SInv    .            (no boots)
Will    .....        (no amulet)
Stlth   +            (no ring)
HPRegen 0.24/turn    (no ring)
MPRegen 0.09/turn

%: no passive effects
@: no status effects
A: sickness immunity, AC +3, negative energy resistance 1, electricity
resistance, torment resistance 1, petrification resistance
a: no special abilities


You were on level 2 of the Dungeon.
You visited 1 branch of the dungeon, and saw 2 of its levels.

You collected 114 gold pieces.


Innate Abilities, Weirdness & Mutations

You are immune to sickness and miasma.
Your stone body is resilient. (AC +3)
You are immune to poison.
You resist negative energy. (rN+)
You are resistant to electric shocks. (rElec)
You are resistant to unholy torment.
You are immune to petrification.


   Skills:
 - Level 3.0 Fighting
 + Level 5.1 Ranged Weapons
 - Level 1.3 Armour
 - Level 1.5 Dodging
 - Level 1.1 Stealth


You had 3 spell levels left.
You didn't know any spells.
Your spell library was empty.

Inventory:

Hand Weapons
 Y - a +0 shortbow (weapon)
Armour
 f - a +0 ring mail (worn)
Jewellery
 b - a ring of fire
Scrolls
 a - a scroll of identify
 c - a scroll of revelation {unknown}
 d - a scroll of amnesia {unknown}
Potions
 e - a potion of curing
 j - a potion of enlightenment
 k - a potion of attraction {unknown}

Dungeon Overview and Level Annotations

Branches:
Dungeon (2/15)

Altars:


Message History

You shoot an arrow. The arrow hits the gnoll.
The gnoll is severely wounded.
You shoot an arrow. The arrow hits the gnoll!
You kill the gnoll!
You shoot an arrow. The arrow barely misses the gnoll.
The arrow hits the gnoll but does no damage.
You shoot an arrow. The arrow hits the gnoll!
The gnoll is heavily wounded.
You shoot an arrow. The arrow hits the gnoll.
The gnoll is almost dead.
The gnoll hits you but does no damage. The gnoll hits you with a +0 flail!
You shoot an arrow. The arrow hits the gnoll.
You kill the gnoll!
The gnoll hits you from afar with a +0 spear.
The gnoll hits you but does no damage.
Your Armour skill increases to level 1!
You shoot an arrow. The arrow hits the gnoll.
The gnoll is moderately wounded.
The gnoll barely misses you.
You shoot an arrow. The arrow closely misses the gnoll.
The gnoll hits you from afar with a +0 spear.
You shoot an arrow.
The arrow hits the gnoll but does no damage.
The gnoll is moderately wounded.
The gnoll closely misses you.
You shoot an arrow. The arrow hits the gnoll.
The gnoll is severely wounded.
The gnoll hits you from afar with a +0 spear!
The gnoll hits you but does no damage.
You shoot an arrow.
The arrow hits the gnoll but does no damage.
The gnoll is severely wounded.
The gnoll hits you but does no damage.
You shoot an arrow. The arrow barely misses the gnoll.
The gnoll hits you but does no damage.
You shoot an arrow. The arrow barely misses the gnoll.
The gnoll hits you from afar with a +0 spear.
You shoot an arrow. The arrow barely misses the gnoll.
The gnoll hits you from afar with a +0 spear.
You die...

.(#.##..##..##.##?##
..#.##...>.........#
..#.###.##..<......###
).......###.##.#.....#
....##### #.##.#.....#
#.### #.##.#.....#
#.## #.##.#.....# #..#
#.##.#.....# ##.#
#.#..#@##### #.#
#.#.##)# #.# ###.# #g#
#.# #..<# #.# #.#
#.### .)$ #.# #.# #..
#.######.# #..
#........# #[.#
#..#######


You could see a gnoll.

Vanquished Creatures
  2 gnolls (D:2)
  3 adders (D:2)
  A dart slug (D:2)
  2 bats
  4 endoplasms (D:1)
  4 giant cockroaches
  A goblin (D:2)
  3 hobgoblins
  2 kobolds
  2 quokkas
  3 ball pythons
  2 frilled lizards
29 creatures vanquished.

Notes
Turn   | Place    | Note
-------+----------+-------------------------------------------
     0 | D:1      | qw the Gargoyle Hunter began the quest for the Orb.
     0 | D:1      | Reached XP level 1. HP: 12/12 MP: 1/1
     0 | D:1      | 0 ||| qw: Version: 0.3-a-76-g4403597
     0 | D:1      | 0 ||| qw: Game counter: 360
     0 | D:1      | 0 ||| qw: Melee chars always use a shield: true
     0 | D:1      | 0 ||| qw: God list: Okawaru
     0 | D:1      | 0 ||| qw: Allow faded altars: false
     0 | D:1      | 0 ||| qw: Do Orc after clearing Dungeon:15 true
     0 | D:1      | 0 ||| qw: Do second Lair branch before Depths: true
     0 | D:1      | 0 ||| qw: Lair rune preference: random
     0 | D:1      | 0 ||| qw: Goals: Normal
     0 | D:1      | 0 ||| PLANNING D:1-11
     4 | D:1      | Noticed an electric eel
     5 | D:1      | Noticed an electric eel
   111 | D:1      | You fall into a shaft and drop 1 floor!
   133 | D:2      | Reached XP level 2. HP: 15/17 MP: 2/2
   274 | D:2      | Reached skill level 5 in Ranged Weapons
   274 | D:2      | Reached XP level 3. HP: 13/21 MP: 3/3
   409 | D:2      | 409 ||| READING 3 scrolls labelled WIAVUD ALOBISA.
   410 | D:2      | 410 ||| DROPPING scroll of butterflies.
   644 | D:1      | Reached skill level 3 in Fighting
   758 | D:1      | Reached XP level 4. HP: 28/28 MP: 4/4
   957 | D:1      | 957 ||| UPGRADING to +0 ring mail.
   967 | D:1      | 967 ||| DROPPING +0 leather armour.
   968 | D:1      | 968 ||| DROPPING ring of flight.
   969 | D:1      | 969 ||| READING scroll labelled ECVEUTHR JEGITZ.
   970 | D:1      | 970 ||| READING scroll labelled ICANNU QIOGRIU.
   973 | D:1      | 973 ||| READING scroll labelled DUADORPHIPRI.
   974 | D:1      | 974 ||| DRINKING 2 fuming coppery potions.
  1010 | D:1      | 1010 ||| DRINKING 2 sedimented pink potions.
  1011 | D:1      | 1011 ||| READING 3 scrolls of identify.
  1011 | D:1      | 1011 ||| IDENTIFYING metallic ruby potion
  1012 | D:1      | 1012 ||| READING 2 scrolls of identify.
  1012 | D:1      | 1012 ||| IDENTIFYING green potion
  1013 | D:1      | 1013 ||| DROPPING potion of lignification.
  1014 | D:1      | 1014 ||| DROPPING potion of degeneration.
  1100 | D:2      | Reached skill level 1 in Armour
  1103 | D:2      | HP: 6/28 [gnoll/+0 spear (7)]
  1107 | D:2      | Slain by a gnoll

Levels and vault maps discovered:
D:1:      arrival_aquarium_b, layout_loops_ring, minmay_misc_feat_encased,
          chequers_hall_statues_wall_a
D:2:      layout_loops_ring

Skill      XL: |  1  2  3  4 |
---------------+-------------+-----
Ranged Weapons | 5 |  5.1
Fighting       | 3 |  3.0
Armour         | 1 |  1.3
Dodging        | |  1.5
Stealth        | |  1.1

Action                     |  1- 3 |  4- 6 || total
---------------------------+-------+-------++-------
   Fire: Shortbow          |   102 |    17 ||   119
    Use: Scroll            |     1 |     5 ||     6
         Potion            |       |     2 ||     2
 Armour: Leather armour    |    38 |       ||    38
         Ring mail         |       |    11 ||    11
  Dodge: Dodged            |    29 |     2 ||    31

Table legend:
 A = Non-vault XP
 B = Vault XP
 C = Vault XP percentage of total XP
 D = Non-vault monster count
 E = Vault monster count
 F = Vault count percentage of total count
                 A         B        C        D         E       F
            +---------+---------+-------+---------+---------+-------
      Total |     113 |       0 |   0.0 |      29 |       0 |   0.0
            +---------+---------+-------+---------+---------+-------
        D:1 |      26 |       0 |   0.0 |      14 |       0 |   0.0
        D:2 |      87 |       0 |   0.0 |      15 |       0 |   0.0
            +---------+---------+-------+---------+---------+-------
